AoeStats
← Tomato

Lombardia

507843129Analyzed
4v4 RM · 12d ago on Sep 19, 2026· 38m 16s· 8 players
Game mode
Random Map
Map size
Large (8 player)
Population
200
Speed
Normal
Resources
Standard
Victory
Conquest
Starting age
Dark Age
Ending age
Imperial Age
RankedLock teamsTeams togetherTeam positionsShared explorationLock speedFull tech treeHidden civsTurbo modeCheats
Victory
Defeat
🇧🇷 Spanish · Brazil
1413
+12
🇲🇽 Lithuanians · Mexico
1407
+12
🇨🇳 Mongols · China
1400
+12
🇨🇱 Huns · Chile
1358
+15
🇳🇱 Wei · Netherlands
1354
-14
🇺🇸 Mongols · United States
1318
-13
🇮🇹 Tatars · Italy
1309
-12
🇲🇽 Britons · Mexico
1309
-12
Tomato
11:17 Feudal Age
9:35 Loom
11:20 Feudal Age
13:07 Double-Bit Axe
13:02 Horse Collar
14:06 Wheelbarrow
14:15 Gold Mining
15:31 Town Watch
18:36 Castle Age
17:21 Bloodlines
17:20 Stone Mining
18:01 Scale Barding Armor
18:46 Forging
20:25 Heavy Plow
21:09 Husbandry
30:20 Fervor
30:51 Hand Cart
30:36 Town Patrol
31:30 Gold Shaft Mining
35:33 Imperial Age
35:11 Chain Barding Armor
35:27 Iron Casting
35:17 Thumb Ring
36:06 Fletching
36:45 Parthian Tactics
36:10 Heavy Hei Guang Cavalry
38:00 Conscription
37:59 Bodkin Arrow
MEX_Angel_Tj
6:34 Loom
9:38 Feudal Age
10:12 Double-Bit Axe
12:56 Fletching
15:41 Padded Archer Armor
19:37 Wheelbarrow
24:13 Castle Age
24:23 Crossbowman
25:00 Bodkin Arrow
eartahhj | GamingHouse
9:37 Loom
11:24 Feudal Age
12:54 Horse Collar
13:00 Double-Bit Axe
20:50 Castle Age
20:08 Fletching
20:31 Bloodlines
21:58 Bow Saw
22:37 Husbandry
22:34 Bodkin Arrow
25:37 Ballistics
35:28 Imperial Age
33:18 Town Watch
34:09 Wheelbarrow
34:23 Padded Archer Armor
36:15 Bracer
37:20 Chemistry
36:25 Pikeman
36:52 Arson
_WizarD_
7:10 Loom
9:25 Feudal Age
10:02 Double-Bit Axe
16:15 Horse Collar
17:59 Wheelbarrow
18:27 Forging
22:12 Castle Age
21:22 Gold Mining
21:25 Stone Mining
21:29 Fletching
21:39 Padded Archer Armor
21:56 Bloodlines
23:14 Bodkin Arrow
24:03 Bow Saw
24:35 Husbandry
25:26 Leather Archer Armor
25:13 Town Watch
36:04 Imperial Age
34:21 Ballistics
34:42 Heavy Plow
37:10 Bracer
37:38 Conscription
37:43 Town Patrol
EXILE | Polag3K
7:30 Loom
9:49 Feudal Age
10:48 Double-Bit Axe
10:47 Horse Collar
14:37 Wheelbarrow
14:50 Scale Barding Armor
18:01 Forging
22:37 Castle Age
21:28 Bloodlines
22:17 Gold Mining
23:47 Chain Barding Armor
24:33 Husbandry
25:21 Fervor
30:09 Iron Casting
31:47 Hand Cart
39:42 Imperial Age
38:27 Town Watch
[L_Clan]~Connotado~
9:34 Feudal Age
11:21 Double-Bit Axe
11:30 Horse Collar
14:15 Loom
18:06 Scale Barding Armor
22:57 Castle Age
21:26 Forging
21:17 Gold Mining
22:19 Bloodlines
23:00 Light Cavalry
23:41 Husbandry
28:07 Heavy Plow
31:33 Chain Barding Armor
35:54 Iron Casting
Julio2
10:59 Feudal Age
14:39 Castle Age
13:15 Double-Bit Axe
13:27 Horse Collar
16:35 Bow Saw
22:23 Padded Archer Armor
24:21 Leather Archer Armor
23:58 Gold Mining
24:48 Wheelbarrow
26:50 Bloodlines
28:33 Husbandry
37:02 Imperial Age
37:02 Elite Conquistador
38:14 Ring Archer Armor
牛比无极限
6:31 Loom
8:43 Feudal Age
13:27 Double-Bit Axe
19:33 Castle Age
18:05 Horse Collar
20:11 Wheelbarrow
21:54 Bow Saw
29:08 Hand Cart
33:59 Imperial Age
32:13 Heavy Plow
33:03 Fletching
33:13 Padded Archer Armor
34:50 Ballistics
35:25 Conscription
34:42 Elite Mangudai
36:30 Thumb Ring
36:51 Parthian Tactics
36:39 Bloodlines
36:30 Husbandry
36:31 Bodkin Arrow
36:34 Gold Mining
38:07 Chemistry
37:18 Fortified Wall
37:58 Gold Shaft Mining
37:40 Bracer
37:57 Leather Archer Armor
37:36 Capped Ram
Connection lost

Rejoining the realm…

Still unreachable

The connection could not be restored.

Session expired

The server has moved on; the page needs a fresh start.